 Dungeon Crawl Stone Soup version 0.27.1-4-g1640c2035a (webtiles) character file.

Game seed: 12144471238525027959

1792 raph the Basher (level 8, -9/64 HPs)
             Began as a Minotaur Fighter on Nov 5, 2021.
             Was a Believer of Elyvilon.
             Mangled by a two-headed ogre (35 damage)
             ... on level 6 of the Dungeon.
             The game lasted 00:09:44 (6478 turns).

raph the Basher (Minotaur Fighter)                  Turns: 6478, Time: 00:09:44

Health: -9/64      AC:  6    Str: 21    XL:     8   Next: 82%
Magic:  7/7        EV:  7    Int:  5    God:    Elyvilon [**....]
Gold:   308        SH: 10    Dex: 12    Spells: 7/7 levels left

rFire    . . .     SeeInvis .   a - +1 flail
rCold    . . .     Faith    .   c - +1 kite shield
rNeg     . . .     Spirit   .   b - +0 scale mail
rPois    .         Reflect  .   (helmet restricted)
rElec    .         Harm     .   (no cloak)
rCorr    .         Rampage  .   (no gloves)
Will     .....                  (no boots)
Stlth    ..........             (no amulet)
HPRegen  0.20/turn              e - +4 ring of slaying
MPRegen  0.10/turn              (no ring)

@: no status effects
A: horns 2, retaliatory headbutt
a: Renounce Religion, Lesser Healing, Heal Other, Divine Protection


You were on level 6 of the Dungeon.
You worshipped Elyvilon.
Elyvilon was pleased with you.
You visited 1 branch of the dungeon, and saw 6 of its levels.

You collected 308 gold pieces.

Inventory:

Hand Weapons
 a - a +1 flail (weapon)
Missiles
 n - a throwing net (quivered)
Armour
 b - a +0 scale mail (worn)
 c - a +1 kite shield (worn)
Jewellery
 e - a +4 ring of slaying (left hand)
Wands
 j - a wand of digging (7)
 m - a wand of charming (10)
Scrolls
 k - 4 scrolls of enchant armour
 o - a scroll of identify
 p - a scroll of teleportation
Potions
 d - 2 potions of attraction
 f - a potion of curing
 g - a potion of flight
 h - 2 potions of brilliance
 i - a potion of lignification
 l - a potion of invisibility


   Skills:
 - Level 3.6 Fighting
 + Level 13.3 Maces & Flails
 - Level 3.6 Armour
 - Level 3.6 Shields


You had 7 spell levels left.
You didn't know any spells.
Your spell library was empty.

Dungeon Overview and Level Annotations

Branches:
Dungeon (6/15)
 Temple: D:4-7

Altars:
Elyvilon
Xom
Yredelemnul
Zin

Annotations:
D:2 Jessica


Innate Abilities, Weirdness & Mutations

You have a pair of horns on your head.
You reflexively headbutt those who attack you in melee.


Message History

No target in view!
No target in view!
No target in view!
No target in view!
No target in view!
k - 4 scrolls of enchant armour (gained 1)
A two-headed ogre comes into view.
It is wielding two +0 giant spiked clubs.
The two-headed ogre shouts in stereo!
A two-headed ogre is nearby!
Found a scroll of identify.
The two-headed ogre hits you with a +0 giant spiked club.
You block the two-headed ogre's attack.
You sock the two-headed ogre! You headbutt the two-headed ogre!
The two-headed ogre is moderately wounded.
You barely miss the two-headed ogre.
The two-headed ogre is moderately wounded.
You block the two-headed ogre's attack.
The two-headed ogre hits you with a +0 giant spiked club.
You thump the two-headed ogre! You headbutt the two-headed ogre!
The two-headed ogre is severely wounded.
The two-headed ogre hits you with a +0 giant spiked club.
The two-headed ogre hits you with a +0 giant spiked club!!
You are too injured to fight recklessly!
You are too injured to fight recklessly!
You are too injured to fight recklessly!
You are too injured to fight recklessly!
You are too injured to fight recklessly!
You are too injured to fight recklessly!
You closely miss the two-headed ogre.
Your headbutt misses the two-headed ogre.
The two-headed ogre is severely wounded.
You sock the two-headed ogre!
The two-headed ogre is severely wounded.
You block the two-headed ogre's attack.
The two-headed ogre hits you with a +0 giant spiked club.
You hit the two-headed ogre.
The two-headed ogre is almost dead.
The two-headed ogre hits you with a +0 giant spiked club!!
Ouch! That really hurt!
You die...

.# ####..........##
.#####...#.#####....##
..#....##### ##......###
# #...#### ##......#..##
####. #.###
##........#..#####....
.##
##.........##..#.......
.
##...........###.......#
#
#............###..##...#
#......@......###.##...#
#........O.....#
#..#...#
#................
##....##
###..............
#.....# ###............
#...#.. ###..........
#...###. ###.......#
#..## ## ####.?.###...#
## ....## #.


You could see a two-headed ogre.

Vanquished Creatures
  Sigmund (D:2)
  2 water moccasins
  A black bear (D:5)
  2 centaurs (D:5)
  2 ogres
  2 scorpions (D:6)
  A gnoll sergeant (D:6)
  A water moccasin zombie (D:5)
  A water moccasin skeleton (D:5)
  2 centaur zombies (D:5)
  2 centaur skeletons
  3 jellies
  3 hounds
  An orc priest (D:6)
  A gnoll shaman (D:5)
  An iguana (D:5)
  2 orc wizards
  A hound zombie (D:5)
  12 gnolls
  6 adders
  A white imp (D:5)
  2 ufetubi
  An adder skeleton (D:4)
  A dart slug (D:5)
  11 orcs
  4 ball pythons
  6 endoplasms
  3 giant cockroaches
  9 goblins
  7 hobgoblins
  6 jackals
  5 quokkas
  4 bats
  5 frilled lizards
  7 kobolds
  6 rats
125 creatures vanquished.

Notes
Turn   | Place    | Note
-------+----------+-------------------------------------------
     0 | D:1      | raph the Minotaur Fighter began the quest for the Orb.
     0 | D:1      | Reached XP level 1. HP: 19/19 MP: 0/0
    35 | D:1      | Reached skill level 3 in Maces & Flails
    46 | D:1      | Reached XP level 2. HP: 20/26 MP: 1/1
   606 | D:1      | Reached skill level 4 in Maces & Flails
   714 | D:1      | Reached XP level 3. HP: 30/31 MP: 2/2
   973 | D:2      | Found a faded altar of an unknown god.
  1063 | D:2      | Noticed Jessica
  1068 | D:2      | Reached skill level 5 in Maces & Flails
  1373 | D:2      | Noticed Sigmund
  1379 | D:2      | Killed Sigmund
  1380 | D:2      | Reached skill level 7 in Maces & Flails
  1380 | D:2      | Reached XP level 4. HP: 39/39 MP: 3/3
  1380 | D:2      | Reached XP level 5. HP: 45/45 MP: 4/4
  2391 | D:3      | You fall into a shaft and drop 2 floors!
  2391 | D:5      | Entered Level 5 of the Dungeon
  2391 | D:5      | Noticed a centaur
  2667 | D:4      | Found a white marble altar of Elyvilon.
  2675 | D:4      | Became a worshipper of Elyvilon the Healer
  2769 | D:4      | Noticed an ogre
  3070 | D:2      | Reached XP level 6. HP: 26/51 MP: 5/5
  3328 | D:4      | Reached skill level 8 in Maces & Flails
  3782 | D:4      | Reached skill level 9 in Maces & Flails
  4013 | D:5      | Reached XP level 7. HP: 30/57 MP: 6/6
  4119 | D:5      | Reached skill level 10 in Maces & Flails
  4904 | D:5      | Reached skill level 11 in Maces & Flails
  5029 | D:5      | Reached XP level 8. HP: 64/64 MP: 7/7
  5149 | D:5      | Reached * piety under Elyvilon
  5584 | D:5      | Reached skill level 12 in Maces & Flails
  5595 | D:5      | Found a basalt altar of Yredelemnul.
  5811 | D:6      | Reached ** piety under Elyvilon
  5956 | D:6      | Found a shimmering altar of Xom.
  5957 | D:6      | Noticed an angel
  5961 | D:6      | Found a glowing silver altar of Zin.
  6114 | D:6      | Reached skill level 13 in Maces & Flails
  6469 | D:6      | Noticed a two-headed ogre
  6478 | D:6      | Mangled by a two-headed ogre

Illustrated notes

Levels and vault maps discovered:
D:1:      psy_arrival_terrarium, layout_basic
D:2:      layout_rooms, chequers_ecumenical_altar_island, minmay_circle_x,
          uniq_jessica, uniq_sigmund
D:3:      layout_basic, minmay_ruptured
D:4:      layout_basic, nicolae_elyvilon_temple_path
D:5:      layout_basic, lemuel_zombie_altar_yredelemnul
D:6:      layout_cave_pods, grunt_temple_overflow_order_and_chaos_1,
          lightli_minifort

Skill      XL: |  1  2  3  4  5  6  7  8 |
---------------+-------------------------+-----
Maces & Flails | 3 4 7 9 11 13 | 13.3
Fighting       | |  3.6
Armour         | |  3.6
Shields        | |  3.6

Action                   |  1- 3 |  4- 6 |  7- 9 || total
-------------------------+-------+-------+-------++-------
Melee: Flail             |    90 |    94 |   109 ||   293
       Headbutt          |    14 |     8 |    24 ||    46
  Use: Potion            |     1 |       |       ||     1
       Scroll            |       |    11 |     5 ||    16
Armor: Scale mail        |    28 |    37 |    42 ||   107
Dodge: Dodged            |    20 |    31 |    36 ||    87
Block: Kite shield       |    38 |    46 |    80 ||   164
